 Dungeon Crawl Stone Soup version 0.18.1-6-gd335043 (webtiles) character file.

317 st0uf the Ducker (level 6, -1/52 HPs)
             Began as a Draconian Fighter on May 16, 2016.
             Was a Follower of Qazlal.
             Slain by an orc wizard
             ... wielding a +0 dagger
              (4 damage)
             ... on level 3 of the Dungeon.
             The game lasted 00:10:14 (3081 turns).

st0uf the Ducker (Draconian Fighter)                Turns: 3081, Time: 00:10:15

Health: -1/52      AC:  8    Str: 20    XL:     6   Next: 20%
Magic:  6/6        EV: 11    Int:  9    God:    Qazlal [*.....]
Gold:   159        SH: 11    Dex: 10    Spells: 0 memorised, 5 levels left

rFire  . . .     SeeInvis .     a - +0 long sword
rCold  + . .     Gourm    .     (armour unavailable)
rNeg   . . .     Faith    .     b - +0 shield
rPois  .         Spirit   .     (helmet restricted)
rElec  .         Dismiss  .     l - +0 cloak
rCorr  .         Reflect  .     i - +0 pair of gloves
SustAt .         Harm     .     (no boots)
MR     .....                    (no amulet)
Stlth  +.........               (no ring)
                                m - ring of protection from cold

@: not resistant to hostile enchantments, very unstealthy
A: unfitting armour, cold-blooded, AC +6
a: Renounce Religion


You were on level 3 of the Dungeon.
You worshipped Qazlal.
Qazlal was aware of your devotion.
You were not hungry.

You visited 1 branch of the dungeon, and saw 4 of its levels.

You collected 159 gold pieces.

Inventory:

Hand Weapons
 a - a +0 long sword (weapon)
Missiles
 j - 73 stones (quivered)
 v - a throwing net
Armour
 b - a +0 shield (worn)
 i - a +0 pair of gloves (worn)
 l - a +0 cloak (worn)
Jewellery
 m - a ring of protection from cold (left hand)
 r - an uncursed ring of wizardry
Scrolls
 g - 3 scrolls of remove curse {unknown}
 h - 3 scrolls of identify {unknown}
 n - a scroll of noise {unknown}
 p - a scroll of random uselessness {unknown}
 q - 2 scrolls of recharging {unknown}
 s - a scroll of immolation {unknown}
 u - a scroll of teleportation {unknown}
Potions
 c - 3 potions of might
 e - 2 potions of lignification {unknown}
 f - 2 potions of heal wounds {unknown}
 k - a potion of ambrosia {unknown}
 t - a potion of cancellation {unknown}
 x - a potion of invisibility {unknown}
Comestibles
 d - 3 bread rations
 o - a slice of pizza
 w - a meat ration


   Skills:
 + Level 4.0 Fighting
 + Level 3.1 Long Blades
 + Level 4.5 Dodging
 - Level 1.0 Stealth
 + Level 4.4 Shields


You had 5 spell levels left.
You didn't know any spells.

Dungeon Overview and Level Annotations

Branches:
Dungeon (4/15)
 Temple: D:4-7

Altars:
Kikubaaqudgha
Qazlal
Ru
Vehumet
The Shining One

Annotations:
D:4 Menkaure


Innate Abilities, Weirdness & Mutations

Your plain brown scales are hard (AC +6).
Your body does not fit into most forms of armour.
You are cold-blooded and may be slowed by cold attacks.


Message History

The orc wizard gestures at you while chanting.
The puff of flame hits you! You block the orc priest's attack.
You closely miss the orc priest. You tail-slap the orc priest.
The orc priest is heavily wounded.
The orc wizard closely misses you.
The orc priest mumbles some strange prayers to Beogh against you.
Beogh smites you!
* * * LOW HITPOINT WARNING * * *
The orc wizard gestures wildly while chanting.
The orc wizard seems to speed up.
You hit the orc priest. You tail-slap the orc priest.
The orc priest is almost dead.
The orc wizard hits you but does no damage.
The orc priest hits you but does no damage.
The orc wizard closely misses you.
You barely miss the orc priest.
You tail-slap the orc priest, but do no damage.
The orc priest is almost dead.
The orc wizard hits you with a dagger.
You die...

##################
#@o.............[.
#o#####.##########
#.# #.#
#.#####.###
#.##......#
#.#.......# ####
#.#.......# #...
#.#...#'#######...
#.....'.......'...


You could see an orc priest and an orc wizard.

Vanquished Creatures
  2 orc priests
  4 orc wizards (D:4)
  Jessica (D:3)
  3 adders
  2 oozes (D:1)
  2 dart slugs
  A worm (D:2)
  7 orcs
  2 ball pythons
  5 bats
  6 giant cockroaches
  8 hobgoblins
  6 jackals
  5 giant newts
  10 goblins
  3 kobolds
  5 rats
72 creatures vanquished.

Notes
Turn   | Place    | Note
--------------------------------------------------------------
     0 | D:1      | st0uf the Draconian Fighter began the quest for the Orb.
     0 | D:1      | Reached XP level 1. HP: 19/19 MP: 1/1
   366 | D:1      | Reached XP level 2. HP: 24/26 MP: 2/2
   944 | D:2      | Reached XP level 3. HP: 12/31 MP: 3/3
  1369 | D:2      | Found a glowing golden altar of the Shining One.
  1448 | D:2      | Found a stormy altar of Qazlal.
  1449 | D:2      | Found an ancient bone altar of Kikubaaqudgha.
  1451 | D:2      | Found a radiant altar of Vehumet.
  1453 | D:2      | Found a glowing golden altar of the Shining One.
  1463 | D:2      | Became a worshipper of Qazlal Stormbringer
  1535 | D:2      | Found a sacrificial altar of Ru.
  1765 | D:2      | Reached XP level 4. HP: 34/38 MP: 4/4
  1978 | D:3      | Reached * piety under Qazlal
  1987 | D:3      | Found a faded altar to an unknown god.
  2233 | D:3      | Noticed Jessica
  2243 | D:3      | Killed Jessica
  2243 | D:3      | Reached skill level 1 in Stealth
  2243 | D:3      | Reached XP level 5. HP: 42/46 MP: 5/5
  2770 | D:4      | Noticed Menkaure
  3071 | D:4      | Reached XP level 6. HP: 34/52 MP: 6/6
  3081 | D:3      | Slain by an orc wizard

Skill      XL: |  1  2  3  4  5 |
---------------+----------------+-----
Dodging        | 3 4 |  4.5
Stealth        | 1 |  1.0
Shields        | 4 |  4.4
Fighting       | 4 |  4.0
Long Blades    | 3 |  3.1

Action                   |  1- 3 |  4- 6 || total
-------------------------+-------+-------++-------
Melee: Long sword        |   117 |   131 ||   248
       Tailslap          |     8 |    17 ||    25
 Stab: Sleeping          |     1 |       ||     1
  Eat: Chunk             |     3 |     4 ||     7
Armor: Skin              |    39 |    34 ||    73
Dodge: Dodged            |    50 |    42 ||    92
Block: Shield            |    71 |    65 ||   136
